 Dungeon Crawl Stone Soup version 0.21-a0-529-g8c7b3f5 (webtiles) character file.

30597 kibaces the Carver (level 13, -2/82 HPs)
             Began as a Gargoyle Fighter on Dec 11, 2017.
             Was a High Priest of Okawaru.
             Slain by a 19-headed hydra (9 damage)
             ... on level 1 of the Lair of Beasts.
             The game lasted 01:29:26 (18713 turns).

kibaces the Carver (Gargoyle Fighter)              Turns: 18713, Time: 01:29:27

Health: -2/82      AC: 32    Str: 25    XL:     13   Next: 52%
Magic:  14/14      EV:  8    Int:  9    God:    Okawaru [*****.]
Gold:   1154       SH: 13    Dex:  9    Spells: 12/12 levels left

rFire    . . .     SeeInvis .   N - +3 scimitar (freeze)
rCold    . . .     Gourm    .   c - +0 shield
rNeg     + + .     Faith    .   T - +1 storm dragon scales
rPois    ∞         Spirit   .   U - +2 hat {MR+}
rElec    +         Reflect  .   o - +1 cloak
rCorr    .         Harm     .   O - +1 pair of gloves
MR       ++...                  (no boots)
Stlth    ..........             m - amulet of regeneration
HPRegen  0.63/turn              K - ring of protection from magic
MPRegen  0.14/turn              P - ring of positive energy

@: no status effects
A: negative energy resistance 1, electricity resistance, unbreathing,
petrification resistance, rot immunity, AC +9
a: Heroism, Finesse, Renounce Religion


You were on level 1 of the Lair of Beasts.
You worshipped Okawaru.
Okawaru was extremely pleased with you.
You were very hungry.

You visited 3 branches of the dungeon, and saw 15 of its levels.
You also visited: Bailey.

You collected 1154 gold pieces.

Inventory:

Hand Weapons
 a - a +0 long sword
 b - a +0 falchion of holy wrath
 t - a +5 long sword
 D - a +0 rapier
 N - a +3 scimitar of freezing (weapon)
Armour
 c - a +0 shield (worn)
 o - a +1 cloak (worn)
 O - a +1 pair of gloves (worn)
 T - +1 storm dragon scales (worn)
 U - a +2 hat of magic resistance (worn)
Jewellery
 h - an uncursed amulet of faith
 m - an amulet of regeneration (around neck)
 p - an uncursed ring of flight
 q - an uncursed ring of ice
 K - a ring of protection from magic (left hand)
 P - a ring of positive energy (right hand)
Wands
 d - a wand of scattershot (4)
 r - a wand of digging (1)
 y - a wand of acid (2)
 B - a wand of flame (41)
 H - a wand of disintegration (13)
 I - a wand of polymorph (6)
Scrolls
 e - 3 scrolls of fog
 j - 4 scrolls of identify
 k - a scroll of fear
 l - 3 scrolls of amnesia
 w - 3 scrolls of immolation
 x - 8 scrolls of remove curse
 L - 2 scrolls of teleportation
 Q - a scroll of magic mapping
Potions
 i - 7 potions of curing
 u - 2 potions of brilliance
 v - 3 potions of flight
 z - 2 potions of heal wounds
 A - 2 potions of agility
 C - a potion of experience
 E - a potion of haste
 G - a potion of resistance
 M - a potion of magic
 S - a potion of berserk rage
Books
 n - a book of Minor Magic

   Spells                             Type                      Level
   a - Magic Dart                     Conjuration                  1
   b - Blink                          Translocation                2
   c - Call Imp                       Summoning                    2
   d - Slow                           Hexes                        2
   e - Conjure Flame                  Conjuration/Fire             3
   f - Mephitic Cloud                 Conjuration/Poison/Air       3
 R - a book of Air

   Spells                             Type                      Level
   a - Shock                          Conjuration/Air              1
   b - Swiftness                      Charms/Air                   2
   c - Static Discharge               Conjuration/Air              3
   d - Airstrike                      Air                          4
   e - Lightning Bolt                 Conjuration/Air              5
Comestibles
 f - 10 bread rations
 g - 4 royal jellies
 s - 6 fruits
 F - 5 meat rations


   Skills:
 + Level 10.2 Fighting
 + Level 13.4 Long Blades
 + Level 10.7 Armour
 + Level 1.1 Dodging
 + Level 12.3 Shields
 + Level 2.4 Evocations


You had 12 spell levels left.
You didn't know any spells.

Dungeon Overview and Level Annotations

Branches:
Dungeon (13/15)            Temple (1/1) D:5            Lair (1/6) D:11
    Orc (0/2) D:10
 Vaults: D:13-14

Altars:
Ashenzari
Cheibriados
Dithmenos
Elyvilon
Fedhas
Gozag
Hepliaklqana
Kikubaaqudgha
Makhleb
Nemelex Xobeh
Okawaru
Qazlal
Ru
Sif Muna
Trog
Uskayaw
Vehumet
Wu Jian
Xom
Yredelemnul
Zin
The Shining One
Beogh

Shops:
D:4 =   D:7 *

Portals:
Trove: D:12 (give +3 gold dragon scales)


Innate Abilities, Weirdness & Mutations

You are resistant to torment.
Your stone body is resilient. (AC +9)
You are immune to poison.
You resist negative energy. (rN+)
You are resistant to electric shocks. (rElec)
You can survive without breathing.
You are immune to petrification.
You are immune to rotting.


Message History

The 18-headed hydra is almost dead.
Unknown command.
You lop one of the 18-headed hydra's heads off!
The 17-headed hydra grows two more!
You hit the 19-headed hydra.
The 19-headed hydra seems to slow down.
You freeze the 19-headed hydra.
The 19-headed hydra is severely wounded.
You block the 19-headed hydra's attack. x2
The 19-headed hydra barely misses you. The 19-headed hydra bites you!
* * * LOW HITPOINT WARNING * * *
You block the 19-headed hydra's attack.
The 19-headed hydra bites you but does no damage.
The 19-headed hydra barely misses you. The 19-headed hydra closely misses you.
The 19-headed hydra bites you but does no damage. x2
The 19-headed hydra closely misses you. The 19-headed hydra bites you.
* * * LOW HITPOINT WARNING * * *
The 19-headed hydra bites you!
* * * LOW HITPOINT WARNING * * *
The 19-headed hydra bites you but does no damage.
The 19-headed hydra bites you!
You die...

###..#......####.##
##......# ##..#..####
#..#### ##...#### #....##
##....####..P## #..#..##
#...........# #.####.#
###.####.#....# ####...#
#...# #####..# ##.## ##..#
#..## ### ####.## #...####
###...@# ##.....#
###.....D## ###...#
#.........###### ####..##
##>......##.##P###.....##
##....####........D...##.#
#...### #.....#.......#..
##### #...####P........
#.### ##.D....## #.#
#.......#


You could see a 19-headed hydra.

Vanquished Creatures
  Gastronok (D:10)
  A hydra (Lair:1)
  2 centaur warriors (D:13)
  4 two-headed ogres
  An unseen horror (D:10)
  The ghost of nht the Quickloader, a novice MiHu (D:6)
  A necromancer (D:13)
  A manticore (D:10)
  4 ugly things
  Maurice (D:9)
  A gargoyle (D:13)
  Psyche (D:7)
  A centaur skeleton (D:11)
  A troll (D:12)
  3 meliai (D:11)
  Grinder (D:5)
  A hornet (D:8)
  Prince Ribbit (D:4)
  3 blink frogs (Lair:1)
  5 hippogriffs
  17 slime creatures
  13 yaks
  A wraith (D:10)
  Eustachio (D:4)
  A wyvern (D:13)
  5 hungry ghosts
  Edmund (D:4)
  8 water moccasins
  A soldier ant (D:12)
  2 porcupines (Lair:1)
  Duvessa (D:6)
  3 black bears
  11 orc warriors
  2 ice beasts
  5 phantoms
  An eye of draining (D:11)
  6 sky beasts
  9 ogres
  4 wolves
  8 centaurs
  10 bullfrogs
  A big kobold (D:9)
  2 wyvern zombies
  A gnoll sergeant (D:8)
  Dowan (D:6)
  A water moccasin skeleton (D:4)
  3 scorpions
  4 wights (D:13)
  5 howler monkeys
  2 electric eels (D:13)
  7 crimson imps
  A quasit (D:9)
  2 bullfrog zombies
  3 centaur zombies
  4 jellies
  Crazy Yiuf (D:5)
  5 hounds
  13 orc priests
  A gnoll shaman (D:6)
  Jessica (D:2)
  Ijyb (D:5)
  8 iguanas
  17 orc wizards
  11 worker ants
  A killer bee zombie (D:9)
  A hound zombie (D:8)
  A howler monkey zombie (D:8)
  13 gnolls
  12 adders
  2 shadow imps (D:7)
  An ooze (D:3)
  4 adder skeletons
  2 worms
  3 dart slugs
  9 leopard geckos
  59 orcs
  8 bats
  5 giant cockroaches
  3 goblins
  6 hobgoblins
  2 jackals (D:5)
  6 quokkas
  3 ball pythons
  6 frilled lizards
  A jackal skeleton (D:8)
  22 kobolds
  7 rats (D:2)
  A plant (D:13)
418 creatures vanquished.

Vanquished Creatures (collateral kills)
  2 centaur skeletons (D:13)
  A harpy zombie (D:13)
3 creatures vanquished.

Vanquished Creatures (others)
  A deep elf mage (D:13)
  An orc wizard (D:5)
  2 fungi (Lair:1)
  6 plants (D:13)
10 creatures vanquished.

Grand Total: 431 creatures vanquished

Notes
Turn   | Place    | Note
-------+----------+-------------------------------------------
     0 | D:1      | kibaces the Gargoyle Fighter began the quest for the Orb.
     0 | D:1      | Reached XP level 1. HP: 14/14 MP: 1/1
   194 | D:1      | Reached XP level 2. HP: 19/19 MP: 2/2
   396 | D:1      | Reached skill level 2 in Long Blades
   913 | D:2      | Reached XP level 3. HP: 23/23 MP: 3/3
   942 | D:2      | Found a faded altar of an unknown god.
  1038 | D:2      | Noticed Jessica
  1044 | D:2      | Killed Jessica
  1044 | D:2      | Reached XP level 4. HP: 24/28 MP: 4/4
  1049 | D:2      | Reached skill level 3 in Long Blades
  1049 | D:2      | Reached XP level 5. HP: 26/32 MP: 5/5
  1156 | D:2      | Found a sparkling altar of Nemelex Xobeh.
  1868 | D:3      | Found an ancient bone altar of Kikubaaqudgha.
  1872 | D:3      | Found an ornate altar of the Wu Jian Council.
  2035 | D:3      | Reached XP level 6. HP: 38/38 MP: 6/6
  2141 | D:3      | Found a glowing silver altar of Zin.
  2141 | D:3      | Noticed an angel
  2293 | D:4      | Noticed Eustachio
  2325 | D:3      | Found a snail-covered altar of Cheibriados.
  2325 | D:3      | Found a sacrificial altar of Ru.
  2325 | D:3      | Found a blossoming altar of Fedhas.
  2326 | D:3      | Reached skill level 4 in Long Blades
  2518 | D:4      | Found Gionk's Jewellery Shop.
  2777 | D:4      | Noticed a phantom
  2934 | D:3      | Killed a phantom
  2934 | D:3      | Reached skill level 5 in Shields
  2960 | D:3      | You fall through a shaft for 3 floors!
  3072 | D:6      | Reached XP level 7. HP: 38/43 MP: 7/7
  3274 | D:6      | Reached skill level 5 in Long Blades
  3329 | D:5      | Entered Level 5 of the Dungeon
  3408 | D:5      | Reached skill level 5 in Armour
  3415 | D:5      | Noticed Prince Ribbit
  3448 | D:6      | Reached XP level 8. HP: 43/48 MP: 8/8
  3468 | D:6      | Noticed nht's ghost (novice MiHu)
  3497 | D:6      | Killed nht's ghost
  3497 | D:6      | Reached skill level 5 in Fighting
  3497 | D:6      | Reached skill level 6 in Long Blades
  4067 | D:4      | Killed Eustachio
  4067 | D:4      | Reached skill level 7 in Long Blades
  4135 | D:4      | Noticed Edmund
  4152 | D:4      | Killed Edmund
  4152 | D:4      | Reached XP level 9. HP: 46/54 MP: 9/9
  4448 | D:4      | Reached skill level 1 in Evocations
  4931 | D:4      | Killed Prince Ribbit
  5013 | D:5      | Reached skill level 8 in Long Blades
  5031 | D:5      | Noticed Grinder
  5139 | D:5      | Noticed Ijyb
  5155 | D:5      | Killed Ijyb
  5310 | D:5      | Found a runed door.
  5382 | D:5      | Found a staircase to the Ecumenical Temple.
  5445 | Temple   | Entered the Ecumenical Temple
  6266 | D:6      | Reached XP level 10. HP: 58/60 MP: 11/11
  6310 | D:6      | Noticed Dowan
  6312 | D:6      | Noticed Duvessa
  6322 | D:6      | Killed Duvessa
  6329 | D:6      | Killed Dowan
  6682 | D:7      | Reached skill level 9 in Long Blades
  7036 | D:7      | Found a transporter.
  7044 | D:7      | Found the +3 sling "Punk" {acid, rCorr}
  7048 | D:7      | Found a roughly hewn altar of Beogh.
  7318 | D:7      | Found Jacanoor's Serpentskin Sales.
  7694 | D:8      | Noticed Psyche
  7717 | D:7      | Killed Psyche
  9480 | D:5      | Noticed Crazy Yiuf
  9485 | D:5      | Killed Crazy Yiuf
  9532 | D:5      | Paralysed by Grinder for 4 turns
  9540 | D:5      | Killed Grinder
  9540 | D:5      | Reached skill level 10 in Long Blades
 10067 | D:9      | Noticed a two-headed ogre
 10081 | D:9      | Killed a two-headed ogre
 10081 | D:9      | Reached XP level 11. HP: 67/67 MP: 12/12
 10197 | D:9      | Noticed a two-headed ogre
 10219 | D:9      | Killed a two-headed ogre
 10298 | D:9      | Noticed Maurice
 10398 | D:9      | Killed Maurice
 10885 | D:9      | Found an iron altar of Okawaru.
 10893 | D:9      | Became a worshipper of Warmaster Okawaru
 10996 | D:9      | Found a burning altar of Makhleb.
 11159 | D:10     | Entered Level 10 of the Dungeon
 11177 | D:10     | Found a flagged portal.
 11187 | Bailey   | Entered a bailey
 11842 | D:10     | Noticed a manticore
 11853 | D:10     | Reached skill level 10 in Shields
 11961 | D:9      | Reached * piety under Okawaru
 12239 | D:10     | Found a staircase to the Orcish Mines.
 12367 | D:10     | Reached skill level 11 in Long Blades
 12375 | D:10     | Found an ornate altar of the Wu Jian Council.
 12510 | D:10     | Killed a manticore
 12673 | D:10     | Noticed Gastronok
 12813 | D:11     | Found a staircase to the Lair.
 12921 | D:11     | Noticed a cyan ugly thing
 12949 | D:11     | Killed a cyan ugly thing
 13029 | D:11     | Reached ** piety under Okawaru
 13183 | D:11     | Reached XP level 12. HP: 46/75 MP: 13/13
 13297 | D:11     | Found the +3 giant club "Skullcrusher" {speed, Str+7}
 13351 | D:11     | Reached *** piety under Okawaru
 13729 | D:11     | Noticed a two-headed ogre
 13743 | D:11     | Killed a two-headed ogre
 13816 | Lair:1   | Entered Level 1 of the Lair of Beasts
 13920 | Lair:1   | Found an ancient bone altar of Kikubaaqudgha.
 13926 | Lair:1   | Noticed an eight-headed hydra
 14971 | D:12     | Reached **** piety under Okawaru
 15184 | D:12     | Reached skill level 12 in Long Blades
 15449 | D:12     | Noticed a vault guard
 15755 | Lair:1   | Reached skill level 10 in Armour
 15821 | Lair:1   | Noticed a seven-headed hydra
 16558 | D:12     | Found a blossoming altar of Fedhas.
 16726 | D:12     | Found a portal to a secret trove of treasure.
 16827 | D:13     | Reached ***** piety under Okawaru
 16951 | D:13     | Noticed a centaur warrior
 16970 | D:13     | Killed a centaur warrior
 16970 | D:13     | Reached XP level 13. HP: 81/81 MP: 14/14
 17290 | D:13     | Reached skill level 13 in Long Blades
 17311 | D:13     | Reached skill level 10 in Fighting
 18230 | D:7      | Reached skill level 1 in Dodging
 18288 | D:7      | Found a transporter.
 18527 | D:10     | Killed Gastronok
 18527 | D:10     | Received a gift from Okawaru
 18578 | Lair:1   | Received a gift from Okawaru
 18713 | Lair:1   | Slain by a 19-headed hydra

Vault maps used:
D:1:      nicolae_arrival_memento_mori
D:2:      nemelex_xobeh_ov_fountains_minmay, chequers_ecumenical_altar_island,
          minmay_fountain_box, uniq_jessica
D:3:      nicolae_overflow_hidden_temple, zin_angel, first_bread
D:4:      serial_shops, kennysheep_mini_moat, minmay_misc_feat_tower,
          uniq_edmund, uniq_eustachio
D:5:      minmay_temple_entry_crystal_x, uniq_crazy_yiuf_cottage, uniq_grinder,
          uniq_prince_ribbit1, uniq_ijyb
D:6:      nicolae_whirlpool, minmay_tree_intersection, hangedman_decor_lopped,
          minmay_lizard_king, uniq_duvessa
D:7:      gammafunk_beogh_shrine, grunt_ogre_cave, guppyfry_shop_venom
D:8:      wad_crossroads, uniq_psyche
D:9:      lemuel_coloured_pillars_altar, makhleb_grotto_becter, uniq_maurice
D:10:     orc_0_dummy, enter_bailey_8, minmay_ruined_shrine, uniq_gastronok
D:11:     lair_entry_dummy
D:12:     enter_trove_5, fedhas_altar_4
D:13:     serial_bayou, serial_bayou_lagoon_b, serial_bayou_pond_d,
          serial_bayou_pond_b, serial_bayou_ford_a, uniq_snorg
Temple:   nicolae_temple_figure_eight
Lair:1:   basic_altar
Bailey:   bailey_axe_1, bailey

Skill      XL: |  1  2  3  4  5  6  7  8  9 10 11 12 13 |
---------------+----------------------------------------+-----
Long Blades    | 2 3 4 5 7 8 10 11 12 13 | 13.4
Shields        | 4 5 6 8 9 10 11 12 | 12.3
Armour         | 4 5 7 8 9 10 | 10.7
Fighting       | 4 5 6 7 8 9 10 | 10.2
Evocations     | 1 2 |  2.4
Dodging        | 1 |  1.1

Action                   |  1- 3 |  4- 6 |  7- 9 | 10-12 | 13-15 || total
-------------------------+-------+-------+-------+-------+-------++-------
Melee: Long sword        |   101 |   224 |   558 |    44 |       ||   927
       Scimitar          |       |       |       |  1262 |   278 ||  1540
       Falchion          |       |       |       |    25 |       ||    25
Throw: Tomahawk          |       |       |       |    46 |       ||    46
Evoke: Wand              |       |       |     9 |    19 |     7 ||    35
  Use: Potion            |       |     2 |     2 |     5 |       ||     9
       Scroll            |       |     2 |     5 |    20 |    10 ||    37
  Eat: Chunk             |     1 |     5 |    13 |    36 |     6 ||    61
       Royal jelly       |       |       |       |     1 |       ||     1
       Fruit             |       |       |       |     8 |       ||     8
       Bread ration      |       |       |       |     1 |       ||     1
Armor: Scale mail        |    59 |   113 |   110 |       |       ||   282
       Plate armour      |       |       |    74 |   764 |       ||   838
       Chain mail        |       |       |    64 |       |       ||    64
       Storm dragon scal |       |       |       |   145 |   178 ||   323
Dodge: Dodged            |    38 |    67 |   112 |   284 |    74 ||   575
Block: Shield            |    53 |   143 |   272 |   794 |   145 ||  1407
       Rpst.: Long sword |    10 |    20 |    43 |     4 |       ||    77
       Scimitar          |       |       |       |    58 |    11 ||    69
       Falchion          |       |       |       |     1 |       ||     1

Table legend:
 A = Spawn XP
 B = Non-spawn XP
 C = Spawn XP percentage of total XP
 D = Spawn monster count
 E = Non-spawn monster count
 F = Spawn count percentage of total count
 G = Total turns spent on level
                    A         B        C        D         E        F      G
               +---------+---------+-------+---------+---------+-------+---------
         Total |       0 |   43710 |   0.0 |       0 |     421 |   0.0 | 18713
               +---------+---------+-------+---------+---------+-------+---------
           D:1 |       0 |      19 |   0.0 |       0 |      11 |   0.0 |   739
           D:2 |       0 |     169 |   0.0 |       0 |      27 |   0.0 |   738
           D:3 |       0 |     326 |   0.0 |       0 |      16 |   0.0 |  1187
           D:4 |       0 |    1325 |   0.0 |       0 |      22 |   0.0 |  1224
           D:5 |       0 |    1230 |   0.0 |       0 |      37 |   0.0 |  1366
           D:6 |       0 |    2432 |   0.0 |       0 |      48 |   0.0 |  1617
           D:7 |       0 |    2628 |   0.0 |       0 |      44 |   0.0 |  1808
           D:8 |       0 |    1087 |   0.0 |       0 |      16 |   0.0 |  1274
           D:9 |       0 |    4190 |   0.0 |       0 |      45 |   0.0 |  1835
          D:10 |       0 |    4742 |   0.0 |       0 |      12 |   0.0 |  1591
          D:11 |       0 |    6744 |   0.0 |       0 |      39 |   0.0 |  1651
          D:12 |       0 |    4310 |   0.0 |       0 |      23 |   0.0 |  1418
          D:13 |       0 |   11160 |   0.0 |       0 |      42 |   0.0 |   940
        Lair:1 |       0 |    2720 |   0.0 |       0 |      11 |   0.0 |   658
        Bailey |       0 |     628 |   0.0 |       0 |      28 |   0.0 |   429
               +---------+---------+-------+---------+---------+-------+---------
